 Dungeon Crawl Stone Soup version 0.29.1-4-g47bece8355 (webtiles) character file.

Game seed: 4721240321856162425

18 xian the Chiller (level 2, -8/13 HPs)
             Began as a Vine Stalker Ice Elementalist on Dec 10, 2022.
             Mangled by Sigmund
             ... wielding a +0 scythe
              (11 damage)
             ... on level 2 of the Dungeon.
             The game lasted 00:01:45 (1467 turns).

xian the Chiller (Vine Stalker Ice Elementalist)    Turns: 1467, Time: 00:01:46

Health: -8/13      AC:  2    Str: 10    XL:     2   Next: 70%
Magic:  0/6        EV: 12    Int: 15    God:
Gold:   55         SH:  0    Dex: 14    Spells: 4/5 levels left

rFire   . . .      SeeInvis .   f - +0 hand axe
rCold   . . .      Faith    .   (no shield)
rNeg    . . .      Spirit   +   a - +0 robe
rPois   .          Reflect  .   (no helmet)
rElec   .          Harm     .   (no cloak)
rCorr   .          Rampage  .   (no gloves)
Will    .....                   (no boots)
Stlth   ++........              (no amulet)
HPRegen 0.04/turn               (no ring)
MPRegen 0.10/turn               (no ring)

@: no status effects
A: fangs 2, magic shield, antimagic bite, no potion heal 2
a: no special abilities


You were on level 2 of the Dungeon.
You visited 1 branch of the dungeon, and saw 2 of its levels.

You collected 55 gold pieces.

Inventory:

Hand Weapons
 f - a +0 hand axe (weapon)
Armour
 a - a +0 robe (worn)
Scrolls
 c - a scroll of butterflies {unknown}
 e - a scroll of identify {unknown}
 h - a scroll of blinking {unknown}
 i - a scroll of enchant weapon {unknown}
Potions
 b - a potion of magic
 d - 2 potions of attraction {unknown}
 g - a potion of flight {unknown}
 j - a potion of mutation {unknown}


   Skills:
 + Level 0.2 Axes
 + Level 1.5 Dodging
 + Level 2.7 Stealth
 + Level 2.4 Spellcasting
 + Level 4.4 Ice Magic


You had 4 spell levels left.
You knew the following spells:

 Your Spells              Type           Power      Damage    Failure   Level
a - Freeze                Ice            60%        1d8       3%          1

Your spell library contained the following spells:

 Spells                   Type           Power      Damage    Failure   Level
 Frozen Ramparts          Ice            30%        1d5       11%         3
 Ozocubu's Armour         Ice            15%        N/A       11%         3
 Hailstorm                Conj/Ice       8%         3d4       65%         4


Dungeon Overview and Level Annotations

Branches:
Dungeon (2/15)

Altars:

Annotations:
D:2 Sigmund


Innate Abilities, Weirdness & Mutations

You have extremely sharp teeth.
When hurt, damage is shared between your health and your magic reserves.
Your bite disrupts and absorbs the magic of your enemies.
Potions cannot restore your health.


Message History

You see here a frilled lizard corpse.
There is an open door here.
You open the door.
There is an open door here.
Done exploring.
Done exploring.
You open the door.
There is an open door here.
There is an open door here.
You open the door.
There is an open door here.
There is a stone staircase leading down here.
You climb downwards.
There is a stone staircase leading up here.
Sigmund closely misses you.
The endoplasm quivers.
You hit Sigmund.
Sigmund is lightly wounded.
You barely miss the endoplasm. The endoplasm closely misses you.
You barely miss Sigmund.
Sigmund is lightly wounded.
You hit the endoplasm but do no damage. Sigmund closely misses you.
The endoplasm barely misses you.
You closely miss Sigmund.
Sigmund is lightly wounded.
You hit the endoplasm. Sigmund barely misses you. The endoplasm freezes you.
You are frozen.
You hit Sigmund.
Sigmund is moderately wounded.
You hit the endoplasm. The endoplasm freezes you.
You are frozen.
Sigmund hits you with a +0 scythe! The endoplasm freezes you.
You are frozen.
* * * LOW HITPOINT WARNING * * *
Okay, then.
Sigmund hits you from afar with a +0 scythe!
Ouch! That really hurt!
You die...

####
#<.#
#@J#
#..#
#.@#
##...
.###
.# .#
.# ..


You could see Sigmund and an endoplasm.

Vanquished Creatures
  3 endoplasms (D:1)
  A giant cockroach (D:1)
  2 goblins (D:1)
  A hobgoblin (D:1)
  4 kobolds (D:1)
  A ball python (D:1)
  2 bats (D:1)
  A frilled lizard (D:1)
  5 rats (D:1)
20 creatures vanquished.

Notes
Turn   | Place    | Note
-------+----------+-------------------------------------------
     0 | D:1      | xian the Vine Stalker Ice Elementalist began the quest for
                  | the Orb.
     0 | D:1      | Reached XP level 1. HP: 9/9 MP: 4/4
    77 | D:1      | Found a faded altar of an unknown god.
   333 | D:1      | Reached XP level 2. HP: 12/13 MP: 0/6
  1460 | D:2      | Noticed Sigmund
  1467 | D:2      | Mangled by Sigmund

Illustrated notes

Levels and vault maps discovered:
D:1:      noname_arrival_rooms_in_the_neighbourhood, layout_basic,
          shapermc_ecumenical_altar_gd, minmay_hexomino_p4
D:2:      layout_basic, serial_shops, shop, basic_altar, uniq_jessica,
          uniq_sigmund

Action                   || total
-------------------------++-------
Melee: Unarmed           ||     7
       Bite              ||     9
       Hand axe          ||    35
 Cast: Freeze            ||    12
 Stab: Sleeping          ||     5
Armor: Robe              ||    11
Dodge: Dodged            ||    24
